 Dungeon Crawl Stone Soup version 0.32-a0-42-ga30500b4d3 (webtiles) character file.

Game seed: 11735047248192003662

471 kenjime the Cutter (level 6, 0/57 HPs)
             Began as a Troll Wanderer on Jan 28, 2024.
             Succumbed to an adder's poison
             ... on level 4 of the Dungeon.
             The game lasted 00:31:30 (3913 turns).

kenjime the Cutter (Troll Wanderer)                 Turns: 3913, Time: 00:31:31

Health: 0/57       AC:  4    Str: 21    XL:     6   Next: 83%
Magic:  7/8        EV:  8    Int: 10    God:
Gold:   72         SH: 10    Dex: 11    Spells: 8/9 levels left

rFire   . . .        y - +2 dagger (vamp)
rCold   . . .        u - +2 kite shield
rNeg    . . .        d - +0 robe
rPois   .            (helmet restricted)
rElec   .            (no cloak)
rCorr   .            (gloves unavailable)
SInv    .            (boots unavailable)
Will    .....        (no amulet)
Stlth   +            F - +2 ring of strength
HPRegen 1.09/turn    (no ring)
MPRegen 0.11/turn

%: no passive effects
@: lethally poisoned (0 -> -1)
A: large, unfitting armour, claws 3, regeneration 1, shaggy fur 1, tough skin 1
a: no special abilities


You were on level 4 of the Dungeon.
You visited 1 branch of the dungeon, and saw 4 of its levels.

You collected 105 gold pieces.
You spent 33 gold pieces at shops.

Inventory:

Hand Weapons
 a - a +0 rapier
 e - a +0 whip
 m - a +0 spear
 n - a +2 vampiric dagger
 q - a +0 club
 s - a +0 sling
 w - a +0 club
 x - a +0 club
 y - a +2 vampiric dagger (weapon)
 A - a +0 club
 B - a +2 dagger of venom
 H - a +0 scythe
 I - a +1 short sword of speed
 J - a +0 mace
 K - a +0 trident
Missiles
 l - 18 stones
 z - 10 poisoned darts
 E - 2 datura-tipped darts
 L - a boomerang
Armour
 b - a +0 kite shield
 d - a +0 robe (worn)
 f - a +0 scale mail
 p - an orb of guile
 r - a +0 scale mail
 u - a +2 kite shield (worn)
 C - a +0 robe
Jewellery
 F - a +2 ring of strength (left claw)
Scrolls
 g - a scroll of revelation {unknown}
 h - a scroll of poison {unknown}
 i - 3 scrolls of identify {unknown}
 j - a scroll of torment {unknown}
 t - 2 scrolls of enchant armour {unknown}
 v - a scroll of immolation {unknown}
 G - a scroll of teleportation {unknown}
 M - a scroll of amnesia {unknown}
Potions
 c - a potion of haste
 k - a potion of curing {unknown}
 o - 2 potions of heal wounds {unknown}
 D - a potion of resistance {unknown}
 N - a potion of might {unknown}


   Skills:
 + Level 1.8 Fighting
 + Level 5.2 Short Blades
 + Level 2.3 Dodging
 + Level 0.1 Stealth
 + Level 2.6 Shields
 + Level 2.0 Spellcasting
 + Level 2.2 Necromancy


You had 8 spell levels left.
You knew the following spells:

 Your Spells              Type           Power      Damage    Failure   Level
a - Necrotise             Necr           20%        1d5       30%         1

Your spell library contained the following spells:

 Spells                   Type           Power      Damage    Failure   Level
 Summon Small Mammal      Summ           4%         N/A       58%         1
 Fugue of the Fallen      Necr           5%         N/A       65%         3
 Call Canine Familiar     Summ           1%         N/A       92%         3
 Frozen Ramparts          Ice            2%         1d1       92%         3
 Leda's Liquefaction      Alch/Erth      0%         N/A       100%        4
 Petrify                  Alch/Erth      1%         N/A       100%        4
 Summon Blazeheart Golem  Fire/Summ      1%         N/A       100%        4
 Metabolic Englaciation   Hex/Ice        0%         N/A       100%        5


Dungeon Overview and Level Annotations

Branches:
Dungeon (4/15)
 Temple: D:4-7

Altars:
Dithmenos
Hepliaklqana
Nemelex Xobeh
Qazlal

Shops:
D:2 =

Annotations:
D:4 Edmund


Innate Abilities, Weirdness & Mutations

You are too large for most types of armour.
You have claws for hands.
Your natural rate of healing is unusually fast.
You are covered in fur. (AC +1)
You have tough skin. (AC +1)


Message History

You are poisoned.
The adder poisons you! You block the hound's attack. The adder bites you.
You are more poisoned.
The adder poisons you!
You feel very sick. The hound attacks as it pursues you! The hound bites you.
* * * LOW HITPOINT WARNING * * *
You feel very sick. The hound attacks as it pursues you!
The hound barely misses you. The hound bites you.
* * * LOW HITPOINT WARNING * * *
You feel sick. The adder attacks as it pursues you!
You block the adder's attack. x2
You feel sick. Edmund attacks as he pursues you!
Edmund hits you with a +3 heavy flail.
* * * LOW HITPOINT WARNING * * *
The adder attacks as it pursues you! The adder bites you.
* * * LOW HITPOINT WARNING * * *
You are more poisoned.
The adder poisons you!
You feel very sick.
You feel sick. The adder attacks as it pursues you!
You block the adder's attack.
You feel sick.
You feel sick. You block the adder's attack.
You feel sick.
Aiming: Necrotise (safe; 30% risk of failure)
Press: ? - help, Q - select action, (/) - cycle Shift-Dir - straight line, f - adder
Aim: an adder (chance to affect: 59%)
The adder writhes in agony.
You feel sick. The adder bites you.
* * * LOW HITPOINT WARNING * * *
You are lethally poisoned!
The adder poisons you!
Found a book of the Earth.
* * * LOW HITPOINT WARNING * * *
You feel sick. You block the adder's attack.
* * * LOW HITPOINT WARNING * * *
You feel sick.
You die...

#.#....###
#B#....#
#.#....#
#.##.#.#
#@.....##
######.......#
#.....Sh......
##.####..#.##..
.......@.......
.#.####..##.#..
#........
.........
##.##.#.# :# .#
# .# # ..


You could see Edmund, a bombardier beetle, a hound and an adder.

Vanquished Creatures
  Sigmund (D:1)
  A black bear (D:4)
  A hound (D:4)
  Terence (D:2)
  Robin (D:2)
  6 adders
  A gnoll (D:1)
  2 ribbon worms
  2 dart slugs
  3 orcs
  4 ball pythons
  4 endoplasms
  6 giant cockroaches
  14 goblins
  7 hobgoblins
  9 kobolds
  A quokka (D:2)
  3 bats
  A frilled lizard (D:3)
  5 rats
73 creatures vanquished.

Vanquished Creatures (collateral kills)
  An orc (D:4)
  A giant cockroach (D:3)
  A quokka (D:4)
  A kobold (D:3)
4 creatures vanquished.

Grand Total: 77 creatures vanquished

Notes
Turn   | Place    | Note
-------+----------+-------------------------------------------
     0 | D:1      | kenjime the Troll Wanderer began the quest for the Orb.
     0 | D:1      | kenjime set off with the following items: a +0 rapier, a +0
                  | kite shield, a potion of haste, a +0 robe; and the
                  | following spell memorised: Necrotise; and the following
                  | spells available to memorise: Fugue of the Fallen.
     0 | D:1      | Reached XP level 1. HP: 19/19 MP: 1/1
   120 | D:1      | Reached XP level 2. HP: 27/27 MP: 0/2
   434 | D:1      | Reached XP level 3. HP: 33/33 MP: 0/3
  1260 | D:2      | Found a faded altar of an unknown god.
  1300 | D:2      | Noticed Robin
  1347 | D:2      | Killed Robin
  1390 | D:2      | Found Plog's One-of-a-Kind Rings.
  1418 | D:2      | Bought a +2 ring of strength for 33 gold pieces
  1438 | D:2      | Reached XP level 4. HP: 41/41 MP: 4/4
  1449 | D:2      | Noticed Sigmund
  1541 | D:1      | HP: 2/41 [Sigmund/+0 scythe (8)]
  1620 | D:1      | Killed Sigmund
  1621 | D:1      | Reached skill level 5 in Short Blades
  1621 | D:1      | Reached XP level 5. HP: 32/48 MP: 4/6
  2009 | D:2      | Noticed Terence
  2057 | D:2      | Killed Terence
  2058 | D:2      | Reached XP level 6. HP: 41/57 MP: 4/7
  2484 | D:3      | Found a sparkling altar of Nemelex Xobeh.
  2522 | D:3      | Found a shadowy altar of Dithmenos.
  3098 | D:3      | Found a stormy altar of Qazlal.
  3503 | D:4      | Found a hazy altar of Hepliaklqana.
  3742 | D:4      | Noticed an ice beast
  3787 | D:4      | Noticed Edmund
  3791 | D:4      | Identified the ring "Imixaed" {rC+ Int+2}
  3911 | D:4      | HP: 2/57 [poisoned by an adder]
  3913 | D:4      | Succumbed to an adder's poison

Illustrated notes

Levels and vault maps discovered:
D:1:      giann_wishing_wells, layout_basic
D:2:      layout_loops_ring, shapermc_ecumenical_altar_notcrosses,
          nicolae_shop_unique_rings, uniq_terence, uniq_robin, uniq_sigmund
D:3:      layout_loops_cross, nicolae_dithmenos_shadow_blocks,
          mainiacjoe_overflow_small_starburst, nemelex_diamond_rough_becter,
          chequers_serial_rivers_micro_d, chequers_serial_rivers_micro_a,
          corexii_shack, grunt_decor_clamped
D:4:      layout_loops_cross, marbit_many_paths, nicolae_overflow_crystal_walls,
          doesnt_xom_only_xom, nzn_random_ring, uniq_edmund

Skill      XL: |  1  2  3  4  5  6 |
---------------+-------------------+-----
Short Blades   | 5 |  5.2
Shields        | 2 |  2.6
Dodging        | 2 |  2.3
Spellcasting   | 2 |  2.0
Necromancy     | 2 |  2.2
Fighting       | |  1.8
Stealth        | |  0.1

Action                     |  1- 3 |  4- 6 || total
---------------------------+-------+-------++-------
  Melee: Rapier            |    40 |       ||    40
         Dagger            |   104 |   230 ||   334
   Cast: Necrotise         |    12 |    61 ||    73
   Stab: Distracted        |     1 |       ||     1
 Armour: Robe              |    93 |   234 ||   327
  Dodge: Dodged            |    47 |   101 ||   148
  Block: Kite shield       |    71 |   206 ||   277

Table legend: (Time is in decaauts)
 A = Elapsed time spent in this place.
 B = Non-inter-level travel time spent in this place.
 C = Inter-level travel time spent in this place.
 D = Time resting spent in this place.
 E = Time spent auto-exploring this place.
 F = Levels seen in this place.
 G = Mean time per level.
                   A        B        C        D        E       F      G
               +--------+--------+--------+--------+--------+-----+--------+
         Total |   3884 |   1499 |   2385 |      0 |      0 |   4 |  971.0 |
       Dungeon |   3884 |   1499 |   2385 |      0 |      0 |   4 |  971.0 |
               +--------+--------+--------+--------+--------+-----+--------+

Top non-repeatable levels by time:
     D:3: 1271 daAuts
     D:1: 1230 daAuts
     D:2: 1000 daAuts
     D:4: 382 daAuts
